 Dungeon Crawl Stone Soup version 0.30-a0-881-g1ff12e1e11 (webtiles) character file.

Game seed: 5052877042660457288

62 bmack86 the Shield-Bearer (level 3, 0/33 HPs)
             Began as a Minotaur Fighter on Mar 14, 2023.
             Slain by a gnoll
             ... wielding a +0 short sword
              (2 damage)
             ... on level 3 of the Dungeon.
             The game lasted 00:03:23 (1106 turns).

bmack86 the Shield-Bearer (Minotaur Fighter)        Turns: 1106, Time: 00:03:24

Health: 0/33       AC:  9    Str: 22    XL:     3   Next: 85%
Magic:  2/2        EV:  9    Int:  5    God:
Gold:   89         SH:  4    Dex:  9    Spells: 2/2 levels left

rFire   . . .      SeeInvis .    a - +0 war axe
rCold   + . .      Faith    .    c - +0 buckler
rNeg    . . .      Spirit   .    b - +0 scale mail
rPois   .          Reflect  .    (helmet restricted)
rElec   .          Rampage  .    j - +0 cloak
rCorr   .                        i - +0 pair of gloves
Will    .....                    (no boots) Stlth
                                 (no amulet)
HPRegen 0.25/turn                m - ring of protection from cold
MPRegen 0.08/turn                (no ring)

@: no status effects
A: horns 2, retaliatory headbutt
a: no special abilities


You were on level 3 of the Dungeon.
You visited 1 branch of the dungeon, and saw 3 of its levels.

You collected 89 gold pieces.

Inventory:

Hand Weapons
 a - a +0 war axe (weapon)
Armour
 b - a +0 scale mail (worn)
 c - a +0 buckler (worn)
 e - a +0 tower shield
 i - a +0 pair of gloves (worn)
 j - a +0 cloak (worn)
Jewellery
 g - a ring of wizardry
 m - a ring of protection from cold (left hand)
Wands
 n - a wand of flame (21)
Scrolls
 h - a scroll of noise
Potions
 d - 2 potions of might
 f - a potion of curing {unknown}
 k - a potion of haste
 l - a potion of magic {unknown}


   Skills:
 + Level 4.0 Fighting
 * Level 3.5 Axes
 + Level 4.1 Armour
 * Level 4.4 Shields


You had 2 spell levels left.
You didn't know any spells.
Your spell library was empty.

Dungeon Overview and Level Annotations

Branches:
Dungeon (3/15)

Altars:


Innate Abilities, Weirdness & Mutations

You have a pair of horns on your head.
You reflexively headbutt those who attack you in melee.


Message History

The gnoll shouts!
You hit the endoplasm.
The endoplasm is severely wounded.
You barely miss the gnoll. The gnoll hits you but does no damage.
The endoplasm misses you.
You barely miss the endoplasm. You headbutt the endoplasm.
You kill the endoplasm!
You hit the gnoll but do no damage. You completely miss the gnoll.
The gnoll hits you with a +0 club. The gnoll hits you with a +0 flail. x2
The gnoll closely misses you. You furiously retaliate!
You headbutt the gnoll. The gnoll closely misses you.
The gnoll barely misses you. You furiously retaliate!
You headbutt the gnoll! The gnoll hits you with a +0 flail.
Unknown command.
The gnoll attacks as you move away! You block the gnoll's attack.
The gnoll attacks as you move away! The gnoll closely misses you.
You furiously retaliate!
You headbutt the gnoll! You barely miss the gnoll.
The gnoll is almost dead.
The gnoll hits you with a +0 club. You block the gnoll's attack.
You closely miss the gnoll. You headbutt the gnoll.
You kill the gnoll!
The gnoll throws a throwing net.
The throwing net hits you.
You become entangled in the net!
The gnoll drinks a potion.
The gnoll seems to speed up.
You tear a large gash into the net.
The gnoll closely misses you.
You struggle against the net.
The gnoll hits you from afar with a +0 spear.
The gnoll hits you with a +0 flail.
* * * LOW HITPOINT WARNING * * *
The gnoll hits you but does no damage.
You rip the net and break free!
The gnoll hits you but does no damage. You block the gnoll's attack.
The gnoll barely misses you. The gnoll hits you with a +0 flail.
* * * LOW HITPOINT WARNING * * *
Unknown command.
You barely miss the gnoll. Your headbutt misses the gnoll. You hit the gnoll.
The gnoll barely misses you. The gnoll closely misses you.
The gnoll hits you with a +0 short sword.
You die...

.?.......#
.........###
...........##
.#..>.......#
............##
.#...........#
......g...)#.#
..#####g####
####@g..# ###
#.......#####>##
#..........#...#
.#......##..#.♣.#
...........†..#...#
≈...##########.##.##
≈... #.##.#######
≈.. #.#...##...# §
#...♣....♣.<


You could see 3 gnolls.

Vanquished Creatures
  A gnoll (D:3)
  2 adders
  A worm (D:2)
  2 dart slugs (D:1)
  3 endoplasms
  2 goblins (D:1)
  3 hobgoblins
  3 jackals (D:2)
  2 quokkas
  A ball python (D:2)
  3 bats (D:2)
  2 kobolds (D:2)
  4 rats
29 creatures vanquished.

Notes
Turn   | Place    | Note
-------+----------+-------------------------------------------
     0 | D:1      | bmack86 the Minotaur Fighter began the quest for the Orb.
     0 | D:1      | Reached XP level 1. HP: 19/19 MP: 0/0
   203 | D:1      | Reached XP level 2. HP: 26/27 MP: 1/1
   580 | D:2      | Found a faded altar of an unknown god.
   774 | D:2      | Reached XP level 3. HP: 30/33 MP: 2/2
  1106 | D:3      | Slain by a gnoll

Illustrated notes

Levels and vault maps discovered:
D:1:      scummos_arrival_simple_fountains, layout_rooms,
          palyth_stone_intersect, hangedman_decor_points
D:2:      layout_rooms, shapermc_ecumenical_altar_venn
D:3:      layout_rooms, nicolae_qazlal_general_emergency,
          mainiacjoe_overflow_boulevard, grunt_ministairs_5, item_on_display_a

Skill      XL: |  1  2  3 |
---------------+----------+-----
Shields        | 4 |  4.4
Axes           | 3 |  3.5
Armour         | 4 |  4.1
Fighting       | 4 |  4.0

Action                     || total
---------------------------++-------
  Melee: War axe           ||    58
         Headbutt          ||     8
    Use: Scroll            ||     4
 Armour: Scale mail        ||    47
  Dodge: Dodged            ||    38
  Block: Buckler           ||    18

Table legend: (Time is in decaauts)
 A = Elapsed time spent in this place.
 B = Non-inter-level travel time spent in this place.
 C = Inter-level travel time spent in this place.
 D = Time resting spent in this place.
 E = Time spent auto-exploring this place.
 F = Levels seen in this place.
 G = Mean time per level.
                   A        B        C        D        E       F      G
               +--------+--------+--------+--------+--------+-----+--------+
         Total |   1127 |   1057 |     70 |     51 |    655 |   3 |  375.7 |
       Dungeon |   1127 |   1057 |     70 |     51 |    655 |   3 |  375.7 |
               +--------+--------+--------+--------+--------+-----+--------+

Top non-repeatable levels by time:
     D:1: 552 daAuts
     D:2: 497 daAuts
     D:3: 77 daAuts
